 Dungeon Crawl Stone Soup version 0.23-a0-167-gf92cf62f8f (webtiles) character file.

63250 PikkenKukken the Fencer (level 14, -1/116 HPs)
             Began as a Minotaur Fighter on Sept 11, 2018.
             Was the Champion of Qazlal.
             Slain by an ettin
             ... wielding a +0 great mace
              (17 damage)
             ... on level 1 of the Orcish Mines.
             The game lasted 00:35:29 (17904 turns).

PikkenKukken the Fencer (Minotaur Fighter)         Turns: 17904, Time: 00:35:30

Health: -1/116     AC: 30    Str: 24    XL:     14   Next: 67%
Magic:  19/19      EV:  5    Int: 10    God:    Qazlal [******]
Gold:   1345       SH: 28    Dex: 21    Spells: 13/13 levels left

rFire    + . .     SeeInvis .   g - +9 sword of Zonguldrok {reap}
rCold    + . .     Gourm    .   E - +0 large shield
rNeg     . . .     Faith    .   L - +0 gold dragon scales
rPois    +         Spirit   .   (helmet restricted)
rElec    .         Reflect  .   (no cloak)
rCorr    .         Harm     .   (no gloves)
MR       +....                  D - +0 pair of boots
Stlth    ..........             Q - amulet of Ozia {Regen+ Int+5 Dex+2}
HPRegen  0.69/turn              l - +3 ring of dexterity
MPRegen  0.16/turn              K - +5 ring of protection

@: protected from physical damage, repel missiles
A: retaliatory headbutt, horns 2, slimy green scales 1, agile 2, frail 1,
subdued magic 1
a: Upheaval, Elemental Force, Disaster Area, Renounce Religion


You were on level 1 of the Orcish Mines.
You worshipped Qazlal.
Qazlal was exalted by your worship.
You were not hungry.

You visited 4 branches of the dungeon, and saw 18 of its levels.
You also visited: Sewer and Volcano.

You collected 1939 gold pieces.
You spent 594 gold pieces at shops.

Inventory:

Hand Weapons
 g - the +9 sword of Zonguldrok (weapon) {reap}
   (You found it on level 4 of the Dungeon)

   If a monster killed with it leaves a corpse in good enough shape, the corpse
   will be animated as a zombie friendly to the killer.
Armour
 D - a +0 pair of boots (worn)
 E - a +0 large shield (worn)
 L - +0 gold dragon scales (worn)
Jewellery
 c - an uncursed amulet of the acrobat
 l - a +3 ring of dexterity (left hand)
 y - a +3 amulet of reflection
 J - an uncursed amulet of guardian spirit
 K - a +5 ring of protection (right hand)
 M - an uncursed ring of flight
 Q - the amulet of Ozia (around neck) {Regen+ Int+5 Dex+2}
   (You acquired it in a volcano)

   [amulet of regeneration]

   It affects your intelligence (+5).
   It affects your dexterity (+2).
   It increases your rate of regeneration.
 S - an uncursed ring of see invisible
Wands
 b - a wand of iceblast (7)
 h - a wand of random effects (68)
 v - a wand of enslavement (16)
 A - a wand of clouds (5)
 F - a wand of paralysis (13)
 G - a wand of disintegration (11)
 R - a wand of flame (69)
Scrolls
 k - 5 scrolls of teleportation
 m - 5 scrolls of enchant weapon
 q - 9 scrolls of fog
 r - 2 scrolls of amnesia
 w - 6 scrolls of blinking
 C - a scroll of identify
 H - 3 scrolls of magic mapping
 I - a scroll of fear
 N - 2 scrolls of acquirement
 P - 3 scrolls of remove curse
Potions
 d - 2 potions of might
 e - 12 potions of heal wounds
 i - 2 potions of lignification
 j - 3 potions of flight
 n - a potion of cancellation
 o - 5 potions of brilliance
 s - 5 potions of agility
 t - 4 potions of haste
 u - a potion of magic
 x - 3 potions of resistance
 z - 3 potions of curing
 B - a potion of invisibility
 O - a potion of berserk rage
Comestibles
 f - 24 rations


   Skills:
 + Level 13.1 Fighting
 * Level 17.5 Long Blades
 + Level 13.3 Armour
 + Level 3.7 Dodging
 + Level 13.2 Shields
 + Level 9.2 Invocations


You had 13 spell levels left.
You didn't know any spells.
Your spell library contained the following spells:

 Spells                   Type           Power        Failure   Level  Hunger
 Confusing Touch          Hex            #.....       100%        1    ##.....
 Corona                   Hex            #......      100%        1    ##.....
 Freeze                   Ice            #...         100%        1    ##.....
 Magic Dart               Conj           #...         100%        1    ##.....
 Ensorcelled Hibernation  Hex/Ice        #.....       100%        2    ###....
 Searing Ray              Conj           #.....       100%        2    ###....
 Throw Frost              Conj/Ice       #.....       100%        2    ###....
 Confuse                  Hex            #.......     100%        3    ####...
 Dazzling Spray           Conj/Hex       #.....       100%        3    ####...
 Gell's Gravitas          Tloc           #.........   100%        3    ####...
 Ozocubu's Armour         Chrm/Ice       #.......     100%        3    ####...
 Tukima's Dance           Hex            #.......     100%        3    ####...
 Force Lance              Conj/Tloc      #.......     100%        4    #####..
 Fulminant Prism          Conj/Hex       #.........   100%        4    #####..
 Iskenderun's Mystic Bla  Conj           #.......     100%        4    #####..
 Petrify                  Tmut/Erth      #.......     100%        4    #####..
 Summon Ice Beast         Ice/Summ       #.......     100%        4    #####..
 Throw Icicle             Conj/Ice       #.......     100%        4    #####..
 Metabolic Englaciation   Hex/Ice        #.........   100%        5    ######.
 Yara's Violent Unravell  Hex/Tmut       #.........   100%        5    ######.


Dungeon Overview and Level Annotations

Branches:
Dungeon (9/15)             Temple (1/1) D:4            Lair (6/6) D:9
 Shoals (0/4) Lair:2        Snake (0/4) Lair:3        Slime (0/5) Lair:6
    Orc (2/2) D:9             Elf (0/3) Orc:2

Altars:
Ashenzari
Cheibriados
Dithmenos
Elyvilon
Fedhas
Gozag
Hepliaklqana
Kikubaaqudgha
Makhleb
Nemelex Xobeh
Okawaru
Qazlal
Ru
Sif Muna
Trog
Uskayaw
Vehumet
Wu Jian
Xom
Yredelemnul
Zin
The Shining One
Beogh

Shops:
Orc:1 **   Orc:2 (:!*

Portals:
Pandemonium: Orc:2


Innate Abilities, Weirdness & Mutations

You reflexively headbutt those who attack you in melee.
You have a pair of horns on your head.
You are partially covered in slimy green scales. (AC +2)
You are very agile. (Dex +4)
You are frail. (-10% HP)
Your spells are a little easier to cast, but a little less powerful.


Message History

You block the ettin's attack. The ettin hits you but does no damage.
Unknown command.
You slash the ettin! Your headbutt misses the ettin.
The ettin is lightly wounded.
Unknown command.
You slash the ettin!
The ettin is moderately wounded.
You block the ettin's attack. x3; The ettin hits you with a dire flail!
* * * LOW HITPOINT WARNING * * *
The orc wizard casts a spell.
The orc wizard blinks!
The orc sorcerer wildly gestures.
You feel troubled.
You hit the ettin. You headbutt the ettin.
The ettin is heavily wounded.
The ettin hits you but does no damage. You block the ettin's attack.
You slash the ettin! You headbutt the ettin.
The ettin is severely wounded.
You block the ettin's attack. The ettin hits you with a dire flail!
You die...

# ##### #............ #
##.#.### ########..##. #
#......### ##### ######
# ###.......###.... #. #
##.##..#...##o4.## ##. #
#...###....##ooo.# . #..
# ##...##....##O# ...
###.. ##
#....#.....##C##o8.8.
#....
.####..#.....©##@#)oo_..
#©...
...#....#.....##C##%8.8.
#.#.# .............###o#
..%. #####
...#.##.......##o. .#.
...#####......##.o #
#...##....#...###..
.#.##....###..# ##
....#....# ####
........##


You could see an orc knight, 2 ettins, a two-headed ogre, an orc sorcerer, a red
devil, 4 orc wizards and 3 orcs.

Vanquished Creatures
  A stone giant (Orc:1)
  The ghost of PikkenKukken the Slicer, a journeyman DsFi of Uskayaw (Lair:6)
  Harold (D:9)
  3 hydras
  2 catoblepae (Lair:6)
  An ice dragon (Lair:5)
  A dancing weapon (Volcano)
  A two-headed ogre (Orc:1)
  Urug (Lair:5)
  A deep troll shaman (Lair:6)
  5 death yaks
  An orc high priest (Orc:2)
  A sun demon (Orc:2)
  An infernal demonspawn (Orc:2)
  A gelid demonspawn (Orc:2)
  5 wizards (Volcano)
  A torturous demonspawn (Orc:2)
  5 orc knights (Orc:2)
  11 orc sorcerers
  5 toenail golems (Volcano)
  3 black mambas
  8 elephants (Lair:6)
  A rust devil (Orc:2)
  Joseph (D:9)
  9 spiny frogs
  2 orange demons (Orc:2)
  A torpor snail (Lair:6)
  A rime drake (Lair:6)
  5 komodo dragons
  4 trolls
  5 polar bears
  3 hornets (Lair:3)
  4 dream sheep (Lair:5)
  8 blink frogs
  5 hippogriffs
  A vampire (D:9)
  11 spriggans (Lair:3)
  2 wyverns
  25 yaks
  A human (D:7)
  3 hogs (D:7)
  4 basilisks
  A steam dragon (Lair:4)
  A warg (Orc:2)
  9 porcupines
  11 water moccasins
  2 hell hounds (Lair:5)
  2 black bears
  37 orc warriors
  An ice beast (D:9)
  2 sky beasts
  3 ogres
  3 boggarts (Lair:3)
  18 wolves
  13 crocodiles
  3 big kobolds (Sewer)
  11 bullfrogs
  5 scorpions
  11 killer bees
  2 howler monkeys (D:5)
  5 wights
  3 crimson imps
  9 jellies
  A quasit (D:9)
  2 centaur zombies
  A hound (D:7)
  20 orc priests
  A bullfrog skeleton (D:5)
  Natasha (thrice) (D:2)
  3 iguanas
  21 orc wizards
  3 worker ants
  A hound zombie (D:8)
  A hound skeleton (D:9)
  3 worker ant zombies
  10 gnolls
  10 adders
  2 shadow imps
  A white imp (Lair:5)
  7 oozes
  3 worms
  A dart slug (D:1)
  5 leopard geckos
  59 orcs
  9 giant cockroaches
  5 goblins
  11 hobgoblins
  10 quokkas
  2 ball pythons
  8 bats
  9 frilled lizards
  14 kobolds
  2 leopard gecko skeletons
  A quokka zombie (D:5)
  12 rats
  2 butterflies (Lair:1)
  A plant (Lair:2)
552 creatures vanquished.

Vanquished Creatures (collateral kills)
  A dire elephant (Lair:6)
  A hydra (Lair:6)
  2 spiny frogs
  3 blink frogs
  A hippogriff (Lair:3)
  A spriggan (Lair:3)
  3 yaks (Lair:6)
  A porcupine (D:9)
  An ogre (D:7)
  3 wolves
  3 crocodiles
  2 bullfrogs
  A wyvern skeleton (D:8)
  4 jellies (Lair:6)
  2 orc priests
  An iguana (D:6)
  An orc wizard (Orc:1)
  A gnoll (D:9)
  2 white imps (Lair:5)
  A leopard gecko (D:9)
  8 orcs
  2 quokkas
  A bush (Lair:5)
  A fungus (Lair:5)
  2 plants
49 creatures vanquished.

Vanquished Creatures (others)
  6 fungi
  17 plants
23 creatures vanquished.

Grand Total: 624 creatures vanquished

Notes
Turn   | Place    | Note
-------+----------+-------------------------------------------
     0 | D:1      | PikkenKukken the Minotaur Fighter began the quest for the
                  | Orb.
     0 | D:1      | Reached XP level 1. HP: 19/19 MP: 0/0
   141 | D:1      | Reached XP level 2. HP: 23/27 MP: 1/1
   271 | D:1      | Reached skill level 3 in Long Blades
   596 | D:1      | Reached XP level 3. HP: 31/33 MP: 2/2
   924 | D:2      | Noticed Natasha
   928 | D:2      | Killed Natasha
   944 | D:2      | Reached XP level 4. HP: 18/40 MP: 3/3
  1128 | D:2      | Reached skill level 4 in Long Blades
  1244 | D:2      | Noticed Natasha
  1249 | D:2      | Killed Natasha
  1365 | D:2      | Noticed Natasha
  1373 | D:2      | Killed Natasha
  1373 | D:2      | Reached XP level 5. HP: 37/47 MP: 4/4
  2315 | D:4      | Reached skill level 5 in Long Blades
  2543 | D:4      | Found a staircase to the Ecumenical Temple.
  2550 | Temple   | Entered the Ecumenical Temple
  2712 | Temple   | Became a worshipper of Qazlal Stormbringer
  2749 | D:4      | Found the +9 sword of Zonguldrok {reap}
  3352 | D:5      | Entered Level 5 of the Dungeon
  3376 | D:5      | Reached XP level 6. HP: 52/55 MP: 5/5
  3389 | D:5      | Reached skill level 5 in Fighting
  3389 | D:5      | Reached skill level 5 in Shields
  3585 | D:5      | Reached skill level 5 in Armour
  3613 | D:5      | Found a glowing drain.
  3622 | Sewer    | Entered a sewer
  3707 | Sewer    | Reached skill level 6 in Long Blades
  3707 | Sewer    | Reached XP level 7. HP: 53/61 MP: 6/6
  3740 | Sewer    | Reached * piety under Qazlal
  4106 | D:6      | Reached skill level 7 in Long Blades
  4214 | D:6      | Found a deep blue altar of Sif Muna.
  4356 | D:6      | Reached XP level 8. HP: 70/70 MP: 7/7
  4367 | D:6      | Reached ** piety under Qazlal
  4517 | D:6      | Found a white marble altar of Elyvilon.
  4518 | D:6      | Found a hazy altar of Hepliaklqana.
  4519 | D:6      | Found a shadowy altar of Dithmenos.
  4635 | D:6      | Reached skill level 8 in Long Blades
  5109 | D:7      | Reached skill level 9 in Long Blades
  5115 | D:7      | Reached XP level 9. HP: 57/79 MP: 8/8
  5282 | D:7      | Reached skill level 10 in Long Blades
  6215 | D:8      | Reached *** piety under Qazlal
  6369 | D:8      | Reached skill level 1 in Invocations
  6822 | D:8      | Reached skill level 11 in Long Blades
  6822 | D:8      | Reached XP level 10. HP: 84/90 MP: 10/10
  7229 | D:9      | Noticed Harold
  7270 | D:9      | Killed Harold
  7314 | D:9      | Noticed Joseph
  7544 | D:9      | Killed Joseph
  7550 | D:9      | Reached skill level 12 in Long Blades
  7735 | D:9      | Found a staircase to the Lair.
  8020 | D:9      | Found a staircase to the Orcish Mines.
  8269 | D:9      | Reached **** piety under Qazlal
  8281 | Lair:1   | Entered Level 1 of the Lair of Beasts
  8414 | Lair:1   | Noticed a seven-headed hydra
  8435 | Lair:1   | Noticed a five-headed hydra
  8474 | Lair:1   | Killed a nine-headed hydra
  8474 | Lair:1   | Reached XP level 11. HP: 24/97 MP: 3/13
  8930 | Lair:1   | Killed an eight-headed hydra
  8932 | Lair:1   | Reached skill level 10 in Fighting
  8932 | Lair:1   | Reached skill level 13 in Long Blades
  8932 | Lair:1   | Reached skill level 10 in Armour
  8932 | Lair:1   | Reached skill level 10 in Shields
  9522 | Lair:2   | Reached skill level 5 in Invocations
 10380 | Lair:2   | Found a staircase to the Shoals.
 10394 | Lair:2   | Got a spiked chain mail
 10405 | Lair:2   | Identified the cursed +1 chain mail of Quantum Leap {MR-
                  | Int+4 SInv} (You found it on level 2 of the Lair of Beasts)
 10845 | Lair:3   | Noticed a spriggan rider
 10878 | Lair:3   | Reached XP level 12. HP: 103/108 MP: 15/15
 10906 | Lair:3   | Reached ***** piety under Qazlal
 10906 | Lair:3   | Reached skill level 14 in Long Blades
 11178 | Lair:3   | Found a staircase to the Snake Pit.
 12536 | Lair:5   | Noticed an ice dragon
 12549 | Lair:5   | Killed an ice dragon
 12549 | Lair:5   | Reached skill level 15 in Long Blades
 12602 | Lair:5   | Noticed Urug
 12616 | Lair:5   | Killed Urug
 12863 | Lair:5   | Found a dark tunnel.
 12870 | Volcano  | Entered a volcano
 12879 | Volcano  | Reached XP level 13. HP: 116/117 MP: 17/17
 13068 | Volcano  | Identified 3 scrolls of acquirement
 13071 | Volcano  | Got a heavily runed silver amulet
 13080 | Volcano  | Identified the amulet of Ozia {Regen+ Int+5 Dex+2} (You
                  | acquired it in a volcano)
 13545 | Lair:6   | Entered Level 6 of the Lair of Beasts
 13843 | Lair:5   | HP: 3/118 [crocodile (9)]
 14130 | Lair:6   | Reached ****** piety under Qazlal
 14202 | Lair:6   | Found a runed door.
 14202 | Lair:6   | Noticed PikkenKukken's ghost (journeyman DsFi)
 14235 | Lair:6   | Reached skill level 16 in Long Blades
 14450 | Lair:6   | Found a staircase to the Slime Pits.
 15427 | Lair:6   | Reached XP level 14. HP: 123/127 MP: 19/19
 15446 | Lair:6   | Reached skill level 1 in Dodging
 15695 | Orc:1    | Entered Level 1 of the Orcish Mines
 15702 | Orc:1    | Noticed a stone giant
 15718 | Orc:1    | Killed a stone giant
 15873 | Orc:1    | Found a transporter.
 15908 | Orc:2    | Entered Level 2 of the Orcish Mines
 15909 | Orc:2    | Found a staircase to the Elven Halls.
 16151 | Orc:2    | Found Omaicyde's Distillery.
 16173 | Orc:2    | Found Ciosuoz's General Store.
 16286 | Orc:2    | Reached skill level 17 in Long Blades
 16719 | Orc:1    | Found Wiqef's Assorted Antiques.
 16762 | Orc:1    | Bought a scroll of identify for 62 gold pieces
 16762 | Orc:1    | Bought a scroll of identify for 62 gold pieces
 16855 | Orc:1    | Found Ythytiaf's Assorted Antiques.
 16863 | Orc:1    | Bought a scroll of identify for 66 gold pieces
 16863 | Orc:1    | Bought a scroll of identify for 66 gold pieces
 16863 | Orc:1    | Bought a scroll of identify for 66 gold pieces
 17368 | Orc:2    | Found Hibo's Book Shop.
 17368 | Orc:2    | Found Hablout's Antique Weapon Boutique.
 17373 | Orc:2    | Found a one-way gate leading to the halls of Pandemonium.
 17417 | Orc:2    | Bought a potion of mutation for 136 gold pieces
 17417 | Orc:2    | Bought a potion of mutation for 136 gold pieces
 17417 | Orc:2    | Gained mutation: You are clumsy. (Dex -2) [potion of
                  | mutation]
 17417 | Orc:2    | Gained mutation: Your muscles are strong. (Str +2) [potion
                  | of mutation]
 17417 | Orc:2    | Gained mutation: You are very clumsy. (Dex -4) [potion of
                  | mutation]
 17417 | Orc:2    | Gained mutation: Your mind is acute. (Int +2) [potion of
                  | mutation]
 17418 | Orc:2    | Lost mutation: You are very clumsy. (Dex -4) [potion of
                  | mutation]
 17418 | Orc:2    | Lost mutation: Your muscles are strong. (Str +2) [potion of
                  | mutation]
 17418 | Orc:2    | Lost mutation: You are clumsy. (Dex -2) [potion of
                  | mutation]
 17418 | Orc:2    | Gained mutation: You are frail. (-10% HP) [potion of
                  | mutation]
 17418 | Orc:2    | Gained mutation: You can translocate small distances at
                  | will. [potion of mutation]
 17419 | Orc:2    | Lost mutation: Your mind is acute. (Int +2) [potion of
                  | mutation]
 17419 | Orc:2    | Lost mutation: You can translocate small distances at will.
                  | [potion of mutation]
 17419 | Orc:2    | Gained mutation: You are partially covered in slimy green
                  | scales. (AC +2) [potion of mutation]
 17419 | Orc:2    | Gained mutation: Your spells are a little easier to cast,
                  | but a little less powerful. [potion of mutation]
 17419 | Orc:2    | Gained mutation: You are agile. (Dex +2) [potion of
                  | mutation]
 17419 | Orc:2    | Gained mutation: You are very agile. (Dex +4) [potion of
                  | mutation]
 17667 | Lair:6   | Killed PikkenKukken's ghost
 17882 | Orc:1    | Found a roughly hewn altar of Beogh.
 17893 | Orc:1    | Paralysed by an orc sorcerer for 4 turns
 17904 | Orc:1    | Slain by an ettin

Vault maps used:
D:1:      grunt_arrival_crossed_arrows
D:2:      hex_large, minmay_tripent, uniq_natasha
D:3:      first_ration, kennysheep_generic_room_4
D:4:      minmay_temple_entry_junction_2
D:5:      portal_sewer_entry_f
D:6:      nicolae_overflow_hidden_temple, gammafunk_temple_overflow_forgotten,
          minmay_misc_feat_secret_circle
D:7:      grunt_livestock
D:9:      grunt_lair_entry_orc_guard_hut, orc_0_dummy, uniq_harold, uniq_joseph
Temple:   dpeg_five_rooms_temple
Lair:1:   ldierk_geyser, lemuel_fruit_fields, grunt_megastairs_3
Lair:2:   elwin_shoals_entry_rocks
Lair:3:   kb_forest_paths
Lair:4:   cheibrodos_lair_lostbears
Lair:5:   enter_volcano_3, bobbens_ice_dragon_lair, uniq_urug
Lair:6:   grunt_lair_end_beastmaster, minmay_slime_entry_jelly_boxes,
          hellmonk_ghost_happy_afterlife, lab_entry_generic,
          nicolae_lair_yak_garden, grunt_megastairs_2
Orc:1:    gammafunk_beogh_shrine, serial_shops, nicolae_shop_crystal,
          nicolae_shop_overgrown_old_shop
Orc:2:    pf_orc_diabolical, statue_in_the_mist_lemuel
Sewer:    kennysheep_pipe_town
Volcano:  volcano_bunker

Skill      XL: |  1  2  3  4  5  6  7  8  9 10 11 12 13 14 |
---------------+-------------------------------------------+-----
Long Blades    | 3 4 5 6 7 9 11 12 13 15 16 17 | 17.5
Fighting       | 4 5 6 7 8 9 10 11 12 13 | 13.1
Armour         | 4 5 6 7 8 9 10 11 12 13 | 13.3
Shields        | 4 5 6 7 8 9 10 11 12 13 | 13.2
Invocations    | 1 4 5 7 8 9 |  9.2
Dodging        | 3 |  3.7

Action                   |  1- 3 |  4- 6 |  7- 9 | 10-12 | 13-15 || total
-------------------------+-------+-------+-------+-------+-------++-------
Melee: Long sword        |    68 |   100 |       |       |       ||   168
       Headbutt          |     8 |    23 |    41 |   100 |   144 ||   316
       Double sword      |       |    45 |   234 |   456 |   539 ||  1274
Invok: Upheaval          |       |       |       |     2 |       ||     2
  Use: Scroll            |     7 |     8 |     2 |     8 |     9 ||    34
       Potion            |       |       |       |     3 |     7 ||    10
 Stab: Distracted        |       |       |       |     1 |     2 ||     3
       Petrified         |       |       |       |       |     1 ||     1
  Eat: Chunk             |       |     6 |     3 |     9 |     4 ||    22
       Ration            |       |     1 |     2 |     3 |     4 ||    10
Armor: Scale mail        |    39 |    52 |    50 |    67 |       ||   208
       Plate armour      |       |       |       |    45 |       ||    45
       Gold dragon scale |       |       |       |     3 |   177 ||   180
Dodge: Dodged            |    18 |    28 |    56 |    68 |    35 ||   205
       Deflected         |       |       |       |     1 |       ||     1
Block: Shield            |    21 |    81 |   108 |       |       ||   210
       Large shield      |       |       |    69 |   579 |   554 ||  1202
       Reflection        |       |       |       |     3 |     1 ||     4
       Rpst.: Long sword |    10 |     3 |       |       |       ||    13
       Double sword      |       |     3 |    16 |    13 |     2 ||    34

Table legend:
 A = Non-vault XP
 B = Vault XP
 C = Vault XP percentage of total XP
 D = Non-vault monster count
 E = Vault monster count
 F = Vault count percentage of total count
                 A         B        C        D         E       F
            +---------+---------+-------+---------+---------+-------
      Total |   40739 |   49619 |  54.9 |     400 |     194 |  32.7
            +---------+---------+-------+---------+---------+-------
        D:1 |      49 |       0 |   0.0 |      21 |       0 |   0.0
        D:2 |     130 |      39 |  23.1 |      21 |       3 |  12.5
        D:3 |      63 |       0 |   0.0 |      20 |       0 |   0.0
        D:4 |      74 |       0 |   0.0 |       7 |       0 |   0.0
        D:5 |     290 |      10 |   3.3 |      14 |       4 |  22.2
        D:6 |     850 |       0 |   0.0 |      25 |       0 |   0.0
        D:7 |    1485 |     932 |  38.6 |      27 |       5 |  15.6
        D:8 |    1870 |       0 |   0.0 |      32 |       0 |   0.0
        D:9 |    1602 |    2185 |  57.7 |      36 |       8 |  18.2
     Lair:1 |    5085 |     785 |  13.4 |      19 |       3 |  13.6
     Lair:2 |    3583 |       0 |   0.0 |      19 |       0 |   0.0
     Lair:3 |    1905 |    4847 |  71.8 |      12 |      22 |  64.7
     Lair:4 |    5945 |     607 |   9.3 |      34 |       2 |   5.6
     Lair:5 |    4274 |    3882 |  47.6 |      18 |       9 |  33.3
     Lair:6 |    7489 |   12107 |  61.8 |      23 |      39 |  62.9
      Orc:1 |    2853 |    1488 |  34.3 |      35 |       2 |   5.4
      Orc:2 |    3192 |   15754 |  83.2 |      37 |      62 |  62.6
      Sewer |       0 |     339 | 100.0 |       0 |      24 | 100.0
    Volcano |       0 |    6644 | 100.0 |       0 |      11 | 100.0
            +---------+---------+-------+---------+---------+-------
